 Dungeon Crawl Stone Soup version 0.29.1-2-gbd0b4ee654 (webtiles) character file.

Game seed: 18018268208987196817

711 Tiocfaidh the Gusty (level 7, -1/57 HPs)
             Began as a Naga Air Elementalist on Nov 12, 2022.
             Slain by an ogre
             ... wielding a +0 giant club
              (36 damage)
             ... on level 5 of the Dungeon on Nov 13, 2022.
             The game lasted 00:30:51 (5711 turns).

Tiocfaidh the Gusty (Naga Air Elementalist)         Turns: 5711, Time: 00:30:51

Health: -1/57      AC:  4    Str: 11    XL:     7   Next: 68%
Magic:  0/13       EV: 14    Int: 23    God:
Gold:   285        SH:  0    Dex: 11    Spells: 7/14 levels left

rFire   . . .      SeeInvis +   e - +1 whip (freeze)
rCold   . . .      Faith    .   (no shield)
rNeg    . . .      Spirit   +   a - +0 robe
rPois   +          Reflect  .   f - +0 helmet
rElec   .          Harm     .   (no cloak)
rCorr   .          Rampage  .   (no gloves)
Will    .....                   (no barding)
Stlth   ++........              r - amulet of guardian spirit
HPRegen 0.19/turn               y - +6 ring of intelligence
MPRegen 0.13/turn               c - +4 ring of evasion

@: very slow
A: AC +2, large, see invisible, deformed body, poison resistance, slowness 2,
spit poison 1, naga tail 1
a: Spit Poison


You were on level 5 of the Dungeon.
You visited 1 branch of the dungeon, and saw 6 of its levels.

You collected 285 gold pieces.

Inventory:

Hand Weapons
 e - a +1 whip of freezing (weapon)
Armour
 a - a +0 robe (worn)
 f - a +0 helmet (worn)
Jewellery
 b - a ring of positive energy
 c - a +4 ring of evasion (right hand)
 j - a ring of willpower
 r - an amulet of guardian spirit (around neck)
 y - a +6 ring of intelligence (left hand)
Wands
 A - a wand of iceblast (7)
Scrolls
 i - a scroll of poison {unknown}
 k - 2 scrolls of teleportation
 l - 3 scrolls of identify {unknown}
 m - a scroll of acquirement {unknown}
 n - 2 scrolls of fog {unknown}
 p - a scroll of amnesia
 t - a scroll of brand weapon {unknown}
 u - a scroll of enchant armour {unknown}
 w - a scroll of immolation {unknown}
Potions
 d - 3 potions of attraction {unknown}
 h - 2 potions of lignification {unknown}
 o - 3 potions of curing {unknown}
 q - 3 potions of might {unknown}
 s - a potion of cancellation {unknown}
 v - a potion of ambrosia {unknown}
 x - a potion of brilliance {unknown}
 z - a potion of degeneration {unknown}


   Skills:
 + Level 1.6 Fighting
 + Level 1.4 Maces & Flails
 + Level 2.6 Dodging
 + Level 4.4 Stealth
 + Level 4.2 Spellcasting
 + Level 3.4 Conjurations
 + Level 0.5 Transmutations
 + Level 4.7 Air Magic
 + Level 0.9 Poison Magic
 + Level 1.0 Evocations


You had 7 spell levels left.
You knew the following spells:

 Your Spells              Type           Power      Damage    Failure   Level
a - Shock                 Conj/Air       92%        1d8       1%          1
b - Sting                 Tmut/Pois      32%        1d4       8%          1
c - Swiftness             Air            26%        N/A       4%          3
d - Static Discharge      Conj/Air       23%        3-6/arc   3%          2

Your spell library contained the following spells:

 Spells                   Type           Power      Damage    Failure   Level
 Airstrike                Air            13%        2d(2-18)  14%         4
 Olgreb's Toxic Radiance  Pois           9%         N/A       56%         4
 Agony                    Necr           4%         N/A       96%         5
 Haunt                    Necr/Summ      2%         N/A       100%        7


Dungeon Overview and Level Annotations

Branches:
Dungeon (6/15)
 Temple: D:4-7

Altars:
Makhleb
Wu Jian

Shops:
D:3 (


Innate Abilities, Weirdness & Mutations

Your serpentine skin is tough. (AC +2)
You have supernaturally acute eyesight. (SInv)
Armour fits poorly on your strangely shaped body.
Your system is resistant to poisons. (rPois)
You cover ground very slowly.
You can spit poison.
You have a snake-like lower body.


Message History

Press: ? - help, Q - select action, (/) - cycle Shift-Dir - straight line The zap misses the orc.
The zap hits the orc.
You kill the orc!
An ogre comes into view. It is wielding a +0 giant club.
You see here a +0 short sword.
Aiming: Shock (safe; 1% risk of failure)
Press: ? - help, Q - select action, (/) - cycle Shift-Dir - straight line, f - ogre
Aim: an ogre, wielding a +0 giant club (88% to hit)
The zap hits the ogre.
The ogre is lightly wounded.
Aiming: Shock (safe; 1% risk of failure)
Press: ? - help, Q - select action, (/) - cycle Shift-Dir - straight line, f/p - ogre
Aim: an ogre, wielding a +0 giant club (lightly wounded, 88% to hit)
The zap misses the ogre.
Aiming: Shock (safe; 1% risk of failure)
Press: ? - help, Q - select action, (/) - cycle Shift-Dir - straight line, f/p - ogre
Aim: an ogre, wielding a +0 giant club (lightly wounded, 88% to hit)
The zap hits the ogre!
The ogre is moderately wounded.
The ogre hits you with a +0 giant club!!
As you read the scroll of fear, it crumbles to dust.
You assume a fearsome visage.
The ogre looks frightened!
Aiming: Shock (safe; 1% risk of failure)
Press: ? - help, Q - select action, (/) - cycle Shift-Dir - straight line, f/p - ogre
Aim: an ogre, wielding a +0 giant club (moderately wounded, fleeing, 88% to hit)
The zap misses the ogre.
Aiming: Shock (safe; 1% risk of failure)
Press: ? - help, Q - select action, (/) - cycle Shift-Dir - straight line, f/p - ogre
Aim: an ogre, wielding a +0 giant club (moderately wounded, fleeing, 88% to hit)
The zap hits the ogre.
The ogre is moderately wounded.
Your attack snaps the ogre out of its fear.
Aiming: Shock (safe; 1% risk of failure)
Press: ? - help, Q - select action, (/) - cycle Shift-Dir - straight line, f/p - ogre
Aim: an ogre, wielding a +0 giant club (moderately wounded, 88% to hit)
The zap hits the ogre.
The ogre is moderately wounded.
The ogre hits you with a +0 giant club!!!
Ouch! That really hurt!
You die...

.. #..#
#O))####
#.....# #.#
#.# ..# #.#
.#..# #O#
..... #@# ♣
#..#.###.#
♣♣
......#.#
♣♣♣.
#.....#
♣.♣.
.####.....#
♣..
..........#
♣♣.
#####....#
♣♣ #....# ♣
#....# ♣


You could see an ogre.

Vanquished Creatures
  An ice beast (D:5)
  A phantom (D:4)
  2 scorpions (D:4)
  3 killer bees (D:4)
  2 hounds
  A gnoll bouda (D:4)
  An iguana (D:5)
  A gnoll (D:6)
  4 adders
  A river rat (D:4)
  2 white imps (D:6)
  An ufetubus (D:6)
  A worm (D:2)
  4 dart slugs
  5 orcs (D:5)
  13 ball pythons
  4 endoplasms
  4 giant cockroaches (D:4)
  5 hobgoblins
  3 quokkas
  11 bats
  7 frilled lizards
  7 goblins
  4 kobolds
  8 rats
96 creatures vanquished.

Notes
Turn   | Place    | Note
-------+----------+-------------------------------------------
     0 | D:1      | Tiocfaidh the Naga Air Elementalist began the quest for the
                  | Orb.
     0 | D:1      | Reached XP level 1. HP: 15/15 MP: 3/3
   168 | D:1      | Reached XP level 2. HP: 1/22 MP: 3/5
   736 | D:1      | Found a faded altar of an unknown god.
  1034 | D:1      | HP: 1/22 [kobold/+0 short sword (3)]
  1450 | D:1      | Reached XP level 3. HP: 28/28 MP: 4/6
  2086 | D:2      | Got the Discursus on the Venomous Crypt
  2228 | D:2      | Learned a level 1 spell: Sting
  2723 | D:2      | Reached XP level 4. HP: 36/36 MP: 2/7
  2957 | D:3      | Learned a level 3 spell: Swiftness
  3115 | D:3      | Found Plog's Weapon Emporium.
  3431 | D:4      | Found a burning altar of Makhleb.
  3431 | D:4      | Noticed a scorpion
  3431 | D:4      | Noticed a phantom
  3470 | D:3      | HP: 1/37 [hound (3)]
  3965 | D:4      | Reached XP level 5. HP: 39/43 MP: 4/9
  4105 | D:4      | Reached skill level 1 in Maces & Flails
  4105 | D:4      | Reached XP level 6. HP: 6/50 MP: 0/11
  4202 | D:4      | Reached skill level 1 in Fighting
  4580 | D:4      | Reached XP level 7. HP: 52/57 MP: 1/12
  4746 | D:4      | Reached skill level 1 in Evocations
  4915 | D:4      | You fall into a shaft and drop 2 floors!
  5364 | D:5      | Entered Level 5 of the Dungeon
  5374 | D:5      | Learned a level 2 spell: Static Discharge
  5651 | D:5      | Found an ornate altar of the Wu Jian Council.
  5711 | D:5      | Slain by an ogre

Illustrated notes

Levels and vault maps discovered:
D:1:      shiori_arrival_oz, layout_basic,
          hellmonk_ecumenical_altar_heavens_door, kennysheep_minor_cross,
          nicolae_titane
D:2:      layout_loops_ring
D:3:      layout_loops_ring, serial_shops, nicolae_shop_bloodbath_and_beyond
D:4:      layout_basic, portal_sewer_entry_e, minmay_ruined_shrine
D:5:      kb_forest_paths, layout_basic, nemelex_spade_bored_becter,
          nicolae_gozag_cash_rules_everything_around_me,
          nicolae_overflow_hidden_temple, mainiacjoe_overflow_alcove_2,
          minmay_misc_feat_roman, minmay_misc_feat_diagonals
D:6:      layout_basic

Skill      XL: |  1  2  3  4  5  6  7 |
---------------+----------------------+-----
Dodging        | 2 |  2.6
Spellcasting   | 3 4 |  4.2
Maces & Flails | 1 |  1.4
Conjurations   | 2 3 |  3.4
Air Magic      | 4 |  4.7
Fighting       | 1 |  1.6
Stealth        | 4 |  4.4
Evocations     | 1 |  1.0
Transmutations | |  0.5
Poison Magic   | |  0.9

Action                   |  1- 3 |  4- 6 |  7- 9 || total
-------------------------+-------+-------+-------++-------
Melee: Unarmed           |     9 |       |       ||     9
       Whip              |    46 |    30 |    13 ||    89
       Dagger            |     8 |       |       ||     8
 Cast: Shock             |    77 |    76 |    53 ||   206
       Sting             |    14 |       |       ||    14
       Swiftness         |       |     1 |       ||     1
       Static Discharge  |       |       |     2 ||     2
Evoke: Wand              |       |    10 |       ||    10
  Use: Potion            |     1 |       |       ||     1
       Scroll            |       |     4 |     1 ||     5
 Stab: Sleeping          |       |     1 |       ||     1
Armor: Robe              |    33 |    14 |     5 ||    52
Dodge: Dodged            |    70 |    69 |    15 ||   154
